 Dungeon Crawl Stone Soup version 0.26.0-20-g3ca415f5b8 (webtiles) character file.

Game seed: 9076243726855224733

2749 zcampers the Fighter (level 9, -2/84 HPs)
             Began as a Minotaur Berserker on Jan 25, 2021.
             Was an Elder of Trog.
             Succumbed to a hornet's poison
             ... on level 7 of the Dungeon.
             The game lasted 00:09:17 (6064 turns).

zcampers the Fighter (Minotaur Berserker)           Turns: 6064, Time: 00:09:18

Health: -2/84      AC: 18    Str: 22    XL:     9   Next: 41%
Magic:  8/8        EV:  9    Int:  7    God:    Trog [****..]
Gold:   430        SH:  5    Dex: 10    Spells: 8/8 levels left

rFire    + + .     SeeInvis .   n - +0 war axe
rCold    + . .     Faith    .   (no shield)
rNeg     . . .     Spirit   .   p - +0 plate armour
rPois    .         Reflect  +   (helmet restricted)
rElec    .         Harm     .   h - scarf {rC+ rF+}
rCorr    .         Rampage  .   f - +2 pair of gloves
Will     .....     Rnd*Tele +   (no boots)
Stlth    ..........             i - amulet of reflection
HPRegen  0.24/turn              j - ring of protection from fire
MPRegen  0.11/turn              u - ring of flight

@: lethally poisoned (-2 -> -16), slowed, very slow
A: retaliatory headbutt, horns 2, rugged brown scales 1, teleportitis 1
a: Renounce Religion, Evoke Flight, Berserk, Trog's Hand, Brothers in Arms


You were on level 7 of the Dungeon.
You worshipped Trog.
Trog was greatly pleased with you.
You visited 1 branch of the dungeon, and saw 7 of its levels.

You collected 430 gold pieces.

Inventory:

Hand Weapons
 n - a +0 war axe (weapon)
Missiles
 b - 5 silver boomerangs (quivered)
Armour
 f - a +2 pair of gloves (worn)
 h - a scarf of resistance (worn)
 p - a +0 plate armour (worn)
Jewellery
 i - an amulet of reflection (around neck)
 j - a ring of protection from fire (left hand)
 u - a ring of flight (right hand)
Wands
 a - a wand of digging (7)
 l - a wand of polymorph (4)
 s - a wand of enslavement (8)
 t - a wand of iceblast (17)
 v - a wand of disintegration (17)
Scrolls
 e - 6 scrolls of identify
 g - 2 scrolls of blinking
 k - 4 scrolls of remove curse
 m - 2 scrolls of enchant weapon
 o - 5 scrolls of teleportation
Potions
 c - a potion of cancellation
 d - 2 potions of heal wounds
 q - 3 potions of curing
 r - a potion of attraction {unknown}


   Skills:
 + Level 8.6 Fighting
 + Level 8.6 Axes
 + Level 8.0 Armour
 + Level 7.4 Dodging


You had 8 spell levels left.
You didn't know any spells.
Your spell library was empty.

Dungeon Overview and Level Annotations

Branches:
Dungeon (7/15)             Temple (0/1) D:4

Altars:
Ru
The Shining One

Shops:
D:7 ?


Innate Abilities, Weirdness & Mutations

You reflexively headbutt those who attack you in melee.
You have a pair of horns on your head.
You are partially covered in rugged brown scales. (AC +1, +3% HP)
You are occasionally teleported next to monsters.


Message History

You feel sick.
The hornet stings you but does no damage.
The hornet stings you.
* * * LOW HITPOINT WARNING * * *
You feel as though you will be slow longer.
The hornet stings you!
* * * LOW HITPOINT WARNING * * *
You feel as though you will be slow longer.
You barely miss the hornet.
The hornet is lightly wounded.
You recover from your berserk rage.
* * * LOW HITPOINT WARNING * * *
You feel sick. The hornet stings you.
* * * LOW HITPOINT WARNING * * *
You are more poisoned.
You feel as though you will be slow longer.
You block the hornet's attack.
You slash the hornet!
The hornet is moderately wounded.
You die...

......# ..... ..... ....
#..# ## #..##.# #...$.#
#.@...# #.y...# #.....#
#.....# #### #.....#
#######
.##...###.....#######...#..
...........................
...........................
...........................


You could see a hornet.

Vanquished Creatures
  Sigmund (D:6)
  A black bear (D:2)
  An orc warrior (D:7)
  An ice beast (D:5)
  3 ogres
  A sky beast (D:6)
  A phantom (D:5)
  3 centaurs
  2 bullfrogs (D:6)
  7 scorpions
  A water moccasin skeleton (D:5)
  2 howler monkeys
  A bullfrog zombie (D:5)
  3 orc priests (D:7)
  5 hounds
  A jelly (D:5)
  2 gnoll shamans
  An iguana (D:7)
  5 orc wizards
  A worker ant (D:5)
  2 hound zombies
  A howler monkey zombie (D:6)
  2 worker ant zombies
  12 adders
  17 gnolls
  A shadow imp (D:5)
  A white imp (D:5)
  3 ufetubi
  An ooze (D:1)
  An adder skeleton (D:4)
  2 worms
  2 dart slugs
  A leopard gecko (D:2)
  22 orcs
  3 ball pythons
  4 giant cockroaches
  6 hobgoblins
  4 jackals (D:6)
  3 quokkas
  15 bats
  5 frilled lizards
  8 goblins
  8 kobolds
  A quokka skeleton (D:6)
  7 rats
175 creatures vanquished.

Vanquished Creatures (others)
  An orc (D:6)
  21 plants (D:5)
22 creatures vanquished.

Grand Total: 197 creatures vanquished

Notes
Turn   | Place    | Note
-------+----------+-------------------------------------------
     0 | D:1      | zcampers the Minotaur Berserker began the quest for the
                  | Orb.
     0 | D:1      | Reached XP level 1. HP: 19/19 MP: 0/0
   162 | D:1      | Reached XP level 2. HP: 27/27 MP: 1/1
   685 | D:2      | Noticed a black bear
   693 | D:2      | Killed a black bear
   694 | D:2      | Reached XP level 3. HP: 21/34 MP: 2/2
   694 | D:2      | Reached XP level 4. HP: 26/41 MP: 3/3
   971 | D:2      | Reached ** piety under Trog
  1024 | D:2      | Reached XP level 5. HP: 46/47 MP: 4/4
  1961 | D:3      | Reached skill level 5 in Axes
  2202 | D:3      | Reached skill level 5 in Fighting
  2350 | D:3      | Gained mutation: You are occasionally teleported next to
                  | monsters. [potion of mutation]
  2350 | D:3      | Gained mutation: You are partially covered in rugged brown
                  | scales. (AC +1, +3% HP) [potion of mutation]
  2449 | D:3      | Reached XP level 6. HP: 56/57 MP: 5/5
  2864 | D:4      | Found a staircase to the Ecumenical Temple.
  3149 | D:4      | Reached XP level 7. HP: 37/63 MP: 6/6
  3439 | D:4      | Reached skill level 5 in Armour
  3587 | D:5      | Entered Level 5 of the Dungeon
  3732 | D:5      | Found a glowing golden altar of the Shining One.
  3752 | D:5      | Reached skill level 5 in Dodging
  4042 | D:5      | Reached *** piety under Trog
  4153 | D:5      | Reached XP level 8. HP: 73/73 MP: 7/7
  4879 | D:6      | Found a sacrificial altar of Ru.
  4985 | D:6      | Noticed Sigmund
  5005 | D:6      | Killed Sigmund
  5080 | D:6      | Reached XP level 9. HP: 81/83 MP: 8/8
  5900 | D:7      | Found Meptam's Magic Scroll Boutique.
  6033 | D:7      | Reached **** piety under Trog
  6058 | D:7      | Paralysed by a hornet for 3 turns
  6062 | D:7      | HP: 4/84 [hornet (9)]
  6063 | D:7      | HP: 1/84 [hornet (1)]
  6064 | D:7      | Succumbed to a hornet's poison

Illustrated notes

Levels and vault maps discovered:
D:1:      minmay_arrival_solitary_statue, layout_basic
D:2:      minmay_wonky_spiral, layout_rooms
D:3:      layout_basic, serial_corexii_hall, chequers_hall_statues_y,
          chequers_hall_statues_wall_a
D:4:      layout_rooms, minmay_temple_entry_grid, hangedman_glass_teeth
D:5:      kennysheep_windowed_halls, layout_loops_ring, tso_oasis_becter,
          serial_bayou_lagoon_a, cheibrodos_gnoll_hut
D:6:      layout_basic, basic_altar, serial_rivers,
          chequers_serial_rivers_room_a, chequers_serial_rivers_marsh,
          chequers_serial_rivers_small_b, chequers_serial_rivers_small_b,
          uniq_sigmund
D:7:      layout_gridville, serial_shops, shop

Skill      XL: |  1  2  3  4  5  6  7  8  9 |
---------------+----------------------------+-----
Axes           | 4 5 6 8 |  8.6
Fighting       | 4 5 6 8 |  8.6
Armour         | 3 4 5 7 8 |  8.0
Dodging        | 3 4 5 6 7 |  7.4

Action                   |  1- 3 |  4- 6 |  7- 9 || total
-------------------------+-------+-------+-------++-------
Melee: Hand axe          |    41 |   157 |   151 ||   349
       Headbutt          |     7 |    30 |    51 ||    88
       War axe           |       |       |   112 ||   112
Invok: Trog's Hand       |       |     4 |     6 ||    10
       Berserk           |       |     1 |     5 ||     6
  Use: Scroll            |     3 |     4 |     4 ||    11
       Potion            |     1 |     2 |     1 ||     4
Armor: Animal skin       |    25 |    11 |       ||    36
       Chain mail        |       |    81 |   115 ||   196
       Plate armour      |       |       |    17 ||    17
Dodge: Dodged            |    37 |   100 |   111 ||   248
Block: Other             |     3 |    58 |    58 ||   119
       Reflection        |       |     2 |     3 ||     5
